 Dungeon Crawl Stone Soup version 0.23-a0-550-g7de1f8e (webtiles) character file.

102 zishaf the Changer (level 4, 0/23 HPs)
             Began as a Vine Stalker Transmuter on Dec 10, 2018.
             Slain by an ice beast (4 damage)
             ... on level 3 of the Dungeon.
             The game lasted 00:04:24 (3051 turns).

zishaf the Changer (Vine Stalker Transmuter)        Turns: 3051, Time: 00:04:24

Health: 0/23       AC:  3    Str: 14    XL:     4   Next: 77%
Magic:  0/8        EV: 12    Int: 14    God:
Gold:   199        SH:  0    Dex: 15    Spells: 6/7 levels left

rFire    . . .     SeeInvis .     - Unarmed
rCold    . . .     Gourm    .   (no shield)
rNeg     . . .     Faith    .   w - +0 leather armour (curse)
rPois    .         Spirit   +   (no helmet)
rElec    .         Reflect  .   (no cloak)
rCorr    .         Harm     .   (no gloves)
MR       .....                  (no boots)
Stlth    +.........             (no amulet)
HPRegen  0.47/turn              l - +2 ring of strength
MPRegen  0.11/turn              (no ring)

@: no status effects
A: fangs 2, regeneration 1, magic shield, antimagic bite, no potion heal 3, rot
immunity
a: no special abilities


You were on level 3 of the Dungeon.
You were not hungry.

You visited 1 branch of the dungeon, and saw 4 of its levels.

You collected 199 gold pieces.

Inventory:

Hand Weapons
 a - a +3 hunting sling
Missiles
 e - 73 stones
 n - 15 sling bullets
 o - 19 tomahawks (quivered)
 q - 45 arrows
Armour
 i - a +0 ring mail
 w - a cursed +0 leather armour (worn)
Jewellery
 f - an uncursed ring of fire
 l - a +2 ring of strength (left hand)
Scrolls
 c - 2 scrolls of teleportation {unknown}
 g - a scroll of blinking {unknown}
 j - a scroll of fear {unknown}
 k - 5 scrolls of identify {unknown}
 p - 2 scrolls of noise {unknown}
 u - a scroll of amnesia {unknown}
 v - a scroll of fog {unknown}
Potions
 h - 2 potions of mutation {unknown}
 m - a potion of flight {unknown}
 s - a potion of haste {unknown}
 t - a potion of degeneration {unknown}
Comestibles
 b - 5 chunks of flesh
 d - 11 rations


   Skills:
 + Level 2.3 Fighting
 - Level 1.5 Dodging
 - Level 3.0 Unarmed Combat
 - Level 2.1 Spellcasting
 * Level 4.1 Transmutations


You had 6 spell levels left.
You knew the following spells:

 Your Spells              Type           Power        Failure   Level  Hunger
a - Beastly Appendage     Tmut           ##....       5%          1    #......

Your spell library contained the following spells:

 Spells                   Type           Power        Failure   Level  Hunger
 Sticks to Snakes         Tmut           ##......     9%          2    ###....
 Spider Form              Tmut/Pois      #.........   36%         3    ###....
 Ice Form                 Ice/Tmut       #.......     77%         4    #####..
 Blade Hands              Tmut           ##........   83%         5    ######.


Dungeon Overview and Level Annotations

Branches:
Dungeon (4/15)
 Temple: D:4-7

Altars:
Cheibriados

Annotations:
D:4 Ijyb, Sigmund


Innate Abilities, Weirdness & Mutations

You have extremely sharp teeth.
Your natural rate of healing is unusually fast.
When hurt, damage is shared between your health and your magic reserves.
Your bite disrupts and absorbs the magic of your enemies.
Potions cannot restore your health.
You are immune to rotting.


Message History

A quokka comes into view.
The ice beast barely misses you.
The quokka moves out of view.
There is a stone staircase leading up here.
The quokka blinks!
The ice beast hits you. The ice beast freezes you!
You climb upwards.
There is a stone staircase leading down here.
You hit the ice beast. Your bite misses the ice beast.
The ice beast is lightly wounded.
The ice beast closely misses you.
You hit the ice beast but do no damage. Your bite misses the ice beast.
The ice beast is lightly wounded.
The ice beast hits you. The ice beast freezes you!
You hit the ice beast but do no damage.
The ice beast is lightly wounded.
The ice beast hits you. The ice beast freezes you!
* * * LOW HITPOINT WARNING * * *
The ice beast hits you.
* * * LOW HITPOINT WARNING * * *
The ice beast freezes you!
You die...

#.#.#.##....##.##..........#
#.#.#.##....##..+..........######
#.#.#.##....##.##...........#....
........................>...#.###
............................#.#..
....####....##.##...........#.#.#
#.### #....##.###+#####.##.#.#.#
....# #....##.###..####.##.#.#.#
#.#.# #.#####.Y@.............#.#
..#.# #.#....................#..
#.#.# #.#.#.....................
..#.## #.#.#..................#.#
#....# #.#.#..................#..
#....# #.#.#..................###
#.)..# #.#.#..................#
#....###.#.#..................#
#.#......#.#..................#


You could see an ice beast.

Vanquished Creatures
  3 adders
  2 oozes
  2 worms
  3 leopard geckos
  An orc (D:3)
  5 giant cockroaches
  5 goblins
  8 hobgoblins
  3 jackals (D:2)
  5 kobolds
  A quokka (D:3)
  2 ball pythons (D:3)
  7 bats
  A frilled lizard (D:2)
  7 rats
55 creatures vanquished.

Notes
Turn   | Place    | Note
-------+----------+-------------------------------------------
     0 | D:1      | zishaf the Vine Stalker Transmuter began the quest for the
                  | Orb.
     0 | D:1      | Reached XP level 1. HP: 9/9 MP: 4/4
    31 | D:1      | Reached skill level 1 in Fighting
   557 | D:1      | Reached XP level 2. HP: 13/14 MP: 6/6
  1221 | D:2      | Reached skill level 3 in Transmutations
  1274 | D:2      | Reached XP level 3. HP: 18/18 MP: 7/7
  1535 | D:2      | Found a snail-covered altar of Cheibriados.
  2172 | D:3      | Gained mutation: Your natural rate of healing is unusually
                  | fast. [Vine Stalker growth]
  2172 | D:3      | Reached XP level 4. HP: 23/23 MP: 8/8
  2586 | D:3      | Reached skill level 4 in Transmutations
  2864 | D:4      | Noticed an ice beast
  2918 | D:4      | Noticed Sigmund
  2918 | D:4      | Noticed an ogre
  2919 | D:4      | Noticed Ijyb
  2983 | D:4      | Noticed an ogre
  3051 | D:3      | Slain by an ice beast

Vault maps used:
D:1:      scummos_arrival_simple_fountains
D:2:      overflow_temple_1_default
D:4:      first_ration, uniq_sigmund, uniq_ijyb

Skill      XL: |  1  2  3  4 |
---------------+-------------+-----
Fighting       | 1 2 |  2.3
Transmutations | 3 4 |  4.1
Dodging        | |  1.5
Unarmed Combat | |  3.0
Spellcasting   | |  2.1

Action                   |  1- 3 |  4- 6 || total
-------------------------+-------+-------++-------
Melee: Unarmed           |   104 |    31 ||   135
       Bite              |    29 |     5 ||    34
       Punch             |     3 |     1 ||     4
 Fire: Hunting sling     |    11 |    21 ||    32
Throw: Tomahawk          |     2 |       ||     2
 Stab: Sleeping          |       |     1 ||     1
  Eat: Chunk             |     3 |     4 ||     7
Armor: Ring mail         |    27 |     5 ||    32
       Robe              |     2 |       ||     2
       Leather armour    |       |     2 ||     2
Dodge: Dodged            |    62 |    14 ||    76

Table legend:
 A = Non-vault XP
 B = Vault XP
 C = Vault XP percentage of total XP
 D = Non-vault monster count
 E = Vault monster count
 F = Vault count percentage of total count
                 A         B        C        D         E       F
            +---------+---------+-------+---------+---------+-------
      Total |     146 |       0 |   0.0 |      55 |       0 |   0.0
            +---------+---------+-------+---------+---------+-------
        D:1 |      17 |       0 |   0.0 |      12 |       0 |   0.0
        D:2 |      53 |       0 |   0.0 |      18 |       0 |   0.0
        D:3 |      74 |       0 |   0.0 |      24 |       0 |   0.0
        D:4 |       2 |       0 |   0.0 |       1 |       0 |   0.0
            +---------+---------+-------+---------+---------+-------
